Bruins vs Penguins

Created - January 10 2007 at 18:54

Goals
1 2 3 T
Bruins 1 1 1 3
Penguins 0 1 4 5
Shots
1 2 3 T
Bruins 8 10 3 21
Penguins 11 10 17 38

Period #1

1. Bruins , Rick Nash 6 (Brian Leetch, Zdeno Chara) at 2:00

Penalities :
Wayne Primeau (BOS) for Charging (Minor) at 4:57, Ryan Malone (PIT) for Tripping (Minor) at 9:34, Sean Avery (BOS) for Delaying the game (Minor) at 12:33, Sergei Gonchar (PIT) for Delaying the game (Minor) at 18:26

Period #2

2. Penguins , Mark Recchi 3 (Sergei Gonchar, Sidney Crosby) at 7:12
3. Bruins , Patrice Bergeron 7 (Brian Leetch, Zdeno Chara) at 15:07

Penalities :
Zdeno Chara (BOS) for Clipping (Minor) at 1:33, Paul Mara (BOS) for Roughing (Minor) at 8:10, Nils Ekman (PIT) for Roughing (Minor) at 10:43, Sean Avery (BOS) for Boarding (Minor) at 10:43, Jarkko Ruutu (PIT) for Fighting (Major) at 13:47, Jay McKee (BOS) for Fighting (Major) at 13:47

Period #3

4. Penguins , Jason Blake 8 (Josef Melichar) at 10:38
5. Penguins , Jere Lehtinen 9 (Christian Backman, Josef Melichar) at 12:37 (PP)
6. Penguins , Kris Draper 4 (Nils Ekman, Mark Eaton) at 12:50
7. Bruins , Marco Sturm 8 (Pavel Datsyuk) at 16:29
8. Penguins , Sidney Crosby 15 (Ryan Whitney, Ryan Malone) at 18:10 (PP)

Penalities :
Sean Avery (BOS) for Clipping (Minor) at 3:37, Rostislav Klesla (BOS) for Holding (Minor) at 7:20, Mattias Norstrom (BOS) for Clipping (Minor) at 11:56, Sean Avery (BOS) for Tripping (Minor) at 16:59

Goalie Stats

Alexander Auld (BOS), 33 saves from 38 shots - (0.868), L, 1-2-2, 60:00 minutes
Marc-Andre Fleury (PIT), 18 saves from 21 shots - (0.857), W, 4-4-2, 60:00 minutes

Players Stats

Bruins
Player Name              G  A  P  +/- PIM S  H  SB FO MP 
-----------------------------------------------------------
Brad Boyes               0  0  0   0  0   3  0  0  1  15 
Brian Leetch             0  2  2   0  0   1  1  1  0  22 
Georges Laraque          0  0  0  -1  0   0  0  0  1  7  
Glen Murray              0  0  0   1  0   2  0  1  0  18 
Jay McKee                0  0  0   0  5   0  1  1  0  16 
Kirk Maltby              0  0  0  -1  0   0  1  0  1  8  
Marco Sturm              1  0  1   0  0   2  0  0  0  14 
Mattias Norstrom         0  0  0  -1  2   0  2  2  0  18 
P.J. Axelsson            0  0  0  -1  0   0  0  0  0  17 
Patrice Bergeron         1  0  1   2  0   4  0  0  21 20 
Paul Mara                0  0  0  -2  2   0  0  0  0  22 
Pavel Datsyuk            0  1  1   0  0   0  0  0  17 17 
Rick Nash                1  0  1   2  0   2  0  1  5  14 
Rostislav Klesla         0  0  0   1  2   0  0  2  0  21 
Sean Avery               0  0  0  -1  8   3  2  0  17 17 
Shean Donovan            0  0  0  -1  0   2  2  0  0  17 
Wayne Primeau            0  0  0  -1  2   0  0  0  16 12 
Zdeno Chara              0  2  2   2  2   2  0  2  0  23 
Penguins
Player Name              G  A  P  +/- PIM S  H  SB FO MP 
-----------------------------------------------------------
Brooks Orpik             0  0  0   1  0   0  2  0  0  18 
Christian Backman        0  1  1   0  0   2  0  2  0  20 
Colby Armstrong          0  0  0  -1  0   2  3  0  1  16 
Jarkko Ruutu             0  0  0   0  5   0  1  0  21 18 
Jason Blake              1  0  1   0  0   5  0  0  7  21 
Jere Lehtinen            1  0  1  -1  0   7  0  1  1  21 
Josef Melichar           0  2  2   0  0   0  1  4  0  23 
Kris Draper              1  0  1   0  0   2  0  0  15 18 
Mark Eaton               0  1  1   1  0   2  0  1  0  15 
Mark Recchi              1  0  1   1  0   2  0  0  0  6  
Martin Lapointe          0  0  0   1  0   0  0  0  0  5  
Michel Ouellet           0  0  0   1  0   2  0  0  1  15 
Nils Ekman               0  1  1   1  2   3  0  0  0  16 
Ryan Malone              0  1  1   0  2   5  0  1  1  18 
Ryan Whitney             0  1  1   0  0   0  0  1  0  23 
Sergei Gonchar           0  1  1  -1  2   1  2  2  0  24 
Sidney Crosby            1  1  2  -1  0   5  0  1  32 24 
Tomas Surovy             0  0  0  -1  0   0  0  0  0  4  

3 Stars

1 - Zdeno Chara (BOS)
2 - Rick Nash (BOS)
3 - Patrice Bergeron (BOS)

Power Play

Bruins - 0 on 2 Attempt(s) - 0.00%
Penguins - 2 on 8 Attempt(s) - 25.00%

Penalty Kill

Bruins - 6 on 8 Attempt(s) - 75.00% - Score 0 goal in Penalty Kill
Penguins - 2 on 2 Attempt(s) - 100.00% - Score 0 goal in Penalty Kill

Game Notes

Jarkko Ruutu and Jay McKee fight to a draw at 13:47 of 2nd period
Jay McKee is injured at 7:36 of 3rd period (Foot)

Finance

Level 1 -- Attendance: 4461 (84.17%) -- Ticket Income $437,178.00
Level 2 -- Attendance: 4599 (91.57%) -- Ticket Income $266,742.00
Level 3 -- Attendance: 1865 (93.23%) -- Ticket Income $63,410.00
Level 4 -- Attendance: 3539 (88.47%) -- Ticket Income $67,241.00
Luxury Box -- Attendance: 723 (72.26%) -- Ticket Income $140,985.00
Game was played at the Mellon Arena
Total Attendance: 15187 (87.67%)
Total Ticket Income: $1,001,360.00
Other Expense: $87,404.40
Total Income: $913,956.00


Play by Play

Period #1

0:01 of 1st period - Patrice Bergeron wins face-off versus Sidney Crosby in neutral zone.
0:23 of 1st period - Icing by Ryan Whitney.
0:24 of 1st period - Pavel Datsyuk wins face-off versus Sidney Crosby in Penguins zone.
0:27 of 1st period - Shot by Marco Sturm.
0:27 of 1st period - Shot Misses the Net.
0:42 of 1st period - Shot by Sidney Crosby.
0:42 of 1st period - Stopped by Alexander Auld with a rebound.
0:45 of 1st period - Shot by Sidney Crosby.
0:45 of 1st period - Shot Misses the Net.
0:46 of 1st period - Shot by Ryan Whitney.
0:46 of 1st period - Shot Misses the Net.
0:47 of 1st period - Shot by Sergei Gonchar.
0:47 of 1st period - Stopped by Alexander Auld with a rebound.
0:56 of 1st period - Shot by Jason Blake.
0:56 of 1st period - Stopped by Alexander Auld with a rebound.
0:59 of 1st period - Shot by Ryan Malone.
0:59 of 1st period - Shot Blocked by Rostislav Klesla.
1:54 of 1st period - Shot by Patrice Bergeron.
1:54 of 1st period - Shot Blocked by Christian Backman.
1:55 of 1st period - Shot by Brian Leetch.
1:55 of 1st period - Shot Misses the Net.
1:56 of 1st period - Shot by Zdeno Chara.
1:56 of 1st period - Shot Blocked by Ryan Malone.
1:57 of 1st period - Shot by Brian Leetch.
1:57 of 1st period - Shot Blocked by Josef Melichar.
2:00 of 1st period - Shot by Rick Nash.
2:00 of 1st period - Goal by Rick Nash.
2:01 of 1st period - Kris Draper wins face-off versus Sean Avery in neutral zone.
2:17 of 1st period - Michel Ouellet is hit by Jay McKee and loses puck.
2:34 of 1st period - Michel Ouellet is hit by Shean Donovan and loses puck.
2:42 of 1st period - Shot by Nils Ekman.
2:42 of 1st period - Stopped by Alexander Auld without a rebound.
2:43 of 1st period - Wayne Primeau wins face-off versus Sidney Crosby in Bruins zone.
2:56 of 1st period - Shot by Jere Lehtinen.
2:56 of 1st period - Stopped by Alexander Auld with a rebound.
3:09 of 1st period - Shot by Georges Laraque.
3:09 of 1st period - Shot Blocked by Jere Lehtinen.
3:10 of 1st period - Shot by Brian Leetch.
3:10 of 1st period - Stopped by Marc-Andre Fleury without a rebound.
3:11 of 1st period - Pavel Datsyuk wins face-off versus Sidney Crosby in Penguins zone.
4:32 of 1st period - Shot by Shean Donovan.
4:32 of 1st period - Stopped by Marc-Andre Fleury without a rebound.
4:33 of 1st period - Patrice Bergeron wins face-off versus Jarkko Ruutu in Penguins zone.
4:48 of 1st period - Shot by Jason Blake.
4:48 of 1st period - Shot Blocked by Zdeno Chara.
4:51 of 1st period - Shot by Ryan Malone.
4:51 of 1st period - Stopped by Alexander Auld with a rebound.
4:54 of 1st period - Shot by Ryan Malone.
4:54 of 1st period - Shot Misses the Net.
4:55 of 1st period - Shot by Christian Backman.
4:55 of 1st period - Shot Blocked by Rick Nash.
4:56 of 1st period - Shot by Christian Backman.
4:56 of 1st period - Stopped by Alexander Auld without a rebound.
4:57 of 1st period - Michel Ouellet wins face-off versus Kirk Maltby in Bruins zone.
4:57 of 1st period - Minor Penalty to Wayne Primeau for Charging.
4:58 of 1st period - Rick Nash wins face-off versus Jarkko Ruutu in Bruins zone.
5:29 of 1st period - Shot by Colby Armstrong.
5:29 of 1st period - Stopped by Alexander Auld with a rebound.
5:56 of 1st period - Shot by Sidney Crosby.
5:56 of 1st period - Shot Blocked by Glen Murray.
6:01 of 1st period - Shot by Jason Blake.
6:01 of 1st period - Shot Misses the Net.
6:55 of 1st period - Icing by Kris Draper.
6:56 of 1st period - Sidney Crosby wins face-off versus Rick Nash in Penguins zone.
7:11 of 1st period - Shot by Nils Ekman.
7:11 of 1st period - Shot Blocked by Mattias Norstrom.
7:12 of 1st period - Shot by Mark Eaton.
7:12 of 1st period - Stopped by Alexander Auld with a rebound.
7:13 of 1st period - Shot by Kris Draper.
7:13 of 1st period - Shot Misses the Net.
7:14 of 1st period - Shot by Kris Draper.
7:14 of 1st period - Stopped by Alexander Auld without a rebound.
7:15 of 1st period - Sidney Crosby wins face-off versus Pavel Datsyuk in Bruins zone.
8:06 of 1st period - Shot by Shean Donovan.
8:06 of 1st period - Stopped by Marc-Andre Fleury without a rebound.
8:07 of 1st period - Wayne Primeau wins face-off versus Kris Draper in Penguins zone.
8:45 of 1st period - Nils Ekman is hit by Brian Leetch and loses puck.
9:15 of 1st period - Shot by Jarkko Ruutu.
9:15 of 1st period - Shot Misses the Net.
9:16 of 1st period - Shot by Jarkko Ruutu.
9:16 of 1st period - Shot Blocked by Mattias Norstrom.
9:29 of 1st period - Shot by Ryan Malone.
9:29 of 1st period - Shot Misses the Net.
9:30 of 1st period - Shot by Josef Melichar.
9:30 of 1st period - Shot Hit the Post.
9:34 of 1st period - Minor Penalty to Ryan Malone for Tripping.
9:35 of 1st period - Jason Blake wins face-off versus Patrice Bergeron in Bruins zone.
9:40 of 1st period - Shot by Jere Lehtinen.
9:40 of 1st period - Stopped by Alexander Auld without a rebound.
9:41 of 1st period - Jason Blake wins face-off versus Patrice Bergeron in Bruins zone.
12:33 of 1st period - Minor Penalty to Sean Avery for Delaying the game.
12:34 of 1st period - Wayne Primeau wins face-off versus Jarkko Ruutu in Bruins zone.
12:40 of 1st period - Icing by Josef Melichar.
12:41 of 1st period - Patrice Bergeron wins face-off versus Jarkko Ruutu in Penguins zone.
14:19 of 1st period - Icing by Christian Backman.
14:20 of 1st period - Wayne Primeau wins face-off versus Jarkko Ruutu in Penguins zone.
14:29 of 1st period - Shot by Colby Armstrong.
14:29 of 1st period - Shot Misses the Net.
15:21 of 1st period - Sidney Crosby is hit by Mattias Norstrom and loses puck.
16:27 of 1st period - Shot by Patrice Bergeron.
16:27 of 1st period - Stopped by Marc-Andre Fleury without a rebound.
16:28 of 1st period - Pavel Datsyuk wins face-off versus Kris Draper in Penguins zone.
16:43 of 1st period - Shot by Marco Sturm.
16:43 of 1st period - Stopped by Marc-Andre Fleury without a rebound.
16:44 of 1st period - Sidney Crosby wins face-off versus Patrice Bergeron in Penguins zone.
17:02 of 1st period - Patrice Bergeron is hit by Colby Armstrong and loses puck.
17:46 of 1st period - Shot by Marco Sturm.
17:46 of 1st period - Shot Misses the Net.
17:51 of 1st period - Shot by Marco Sturm.
17:51 of 1st period - Shot Misses the Net.
17:56 of 1st period - Shot by Pavel Datsyuk.
17:56 of 1st period - Shot Misses the Net.
18:09 of 1st period - Shot by Pavel Datsyuk.
18:09 of 1st period - Shot Blocked by Sidney Crosby.
18:10 of 1st period - Shot by Marco Sturm.
18:10 of 1st period - Shot Misses the Net.
18:26 of 1st period - Minor Penalty to Sergei Gonchar for Delaying the game.
18:27 of 1st period - Patrice Bergeron wins face-off versus Jason Blake in Penguins zone.
18:30 of 1st period - Shot by Rick Nash.
18:30 of 1st period - Stopped by Marc-Andre Fleury with a rebound.
18:51 of 1st period - Shot by Glen Murray.
18:51 of 1st period - Stopped by Marc-Andre Fleury with a rebound.
18:57 of 1st period - Icing by Zdeno Chara.
18:58 of 1st period - Patrice Bergeron wins face-off versus Jason Blake in Bruins zone.
19:29 of 1st period - Shot by Pavel Datsyuk.
19:29 of 1st period - Shot Misses the Net.
19:30 of 1st period - Shot by Marco Sturm.
19:30 of 1st period - Shot Misses the Net.
19:33 of 1st period - Shot by Brad Boyes.
19:33 of 1st period - Shot Blocked by Josef Melichar.

Period #2

0:01 of 2nd period - Sidney Crosby wins face-off versus Rick Nash in neutral zone.
1:01 of 2nd period - Sean Avery is hit by Josef Melichar and loses puck.
1:16 of 2nd period - Icing by Josef Melichar.
1:17 of 2nd period - Jarkko Ruutu wins face-off versus Wayne Primeau in Penguins zone.
1:33 of 2nd period - Minor Penalty to Zdeno Chara for Clipping.
1:34 of 2nd period - Patrice Bergeron wins face-off versus Sidney Crosby in Penguins zone.
1:49 of 2nd period - Shot by Glen Murray.
1:49 of 2nd period - Shot Misses the Net.
2:46 of 2nd period - Shot by Colby Armstrong.
2:46 of 2nd period - Shot Misses the Net.
2:47 of 2nd period - Shot by Christian Backman.
2:47 of 2nd period - Stopped by Alexander Auld without a rebound.
2:48 of 2nd period - Sidney Crosby wins face-off versus Wayne Primeau in Bruins zone.
2:55 of 2nd period - Shot by Sidney Crosby.
2:55 of 2nd period - Shot Misses the Net.
4:25 of 2nd period - Off-side.
4:26 of 2nd period - Wayne Primeau wins face-off versus Ryan Malone in neutral zone.
4:49 of 2nd period - Shot by Brian Leetch.
4:49 of 2nd period - Shot Misses the Net.
4:50 of 2nd period - Shot by Zdeno Chara.
4:50 of 2nd period - Stopped by Marc-Andre Fleury without a rebound.
4:51 of 2nd period - Pavel Datsyuk wins face-off versus Sidney Crosby in Penguins zone.
5:04 of 2nd period - Shot by Colby Armstrong.
5:04 of 2nd period - Shot Misses the Net.
5:09 of 2nd period - Shot by Brad Boyes.
5:09 of 2nd period - Stopped by Marc-Andre Fleury without a rebound.
5:10 of 2nd period - Kris Draper wins face-off versus Patrice Bergeron in Penguins zone.
6:03 of 2nd period - Shot by Pavel Datsyuk.
6:03 of 2nd period - Shot Misses the Net.
6:06 of 2nd period - Shot by Marco Sturm.
6:06 of 2nd period - Stopped by Marc-Andre Fleury without a rebound.
6:07 of 2nd period - Sidney Crosby wins face-off versus Sean Avery in Penguins zone.
6:25 of 2nd period - Sean Avery is hit by Colby Armstrong and loses puck.
6:29 of 2nd period - Shot by Sean Avery.
6:29 of 2nd period - Stopped by Marc-Andre Fleury without a rebound.
6:30 of 2nd period - Pavel Datsyuk wins face-off versus Jarkko Ruutu in Penguins zone.
6:47 of 2nd period - Shot by Pavel Datsyuk.
6:47 of 2nd period - Shot Misses the Net.
6:50 of 2nd period - Shot by Marco Sturm.
6:50 of 2nd period - Shot Misses the Net.
6:53 of 2nd period - Shot by Brad Boyes.
6:53 of 2nd period - Stopped by Marc-Andre Fleury without a rebound.
6:54 of 2nd period - Sidney Crosby wins face-off versus Wayne Primeau in Penguins zone.
7:00 of 2nd period - Sergei Gonchar is hit by Kirk Maltby and loses puck.
7:12 of 2nd period - Shot by Mark Recchi.
7:12 of 2nd period - Goal by Mark Recchi.
7:13 of 2nd period - Sean Avery wins face-off versus Jarkko Ruutu in neutral zone.
7:16 of 2nd period - Shot by P.J. Axelsson.
7:16 of 2nd period - Shot Misses the Net.
7:26 of 2nd period - Shean Donovan is hit by Jarkko Ruutu and loses puck.
7:38 of 2nd period - Shot by Shean Donovan.
7:38 of 2nd period - Shot Blocked by Josef Melichar.
8:10 of 2nd period - Minor Penalty to Paul Mara for Roughing.
8:11 of 2nd period - Wayne Primeau wins face-off versus Sidney Crosby in neutral zone.
8:26 of 2nd period - Shot by Sidney Crosby.
8:26 of 2nd period - Stopped by Alexander Auld without a rebound.
8:27 of 2nd period - Wayne Primeau wins face-off versus Jarkko Ruutu in Bruins zone.
8:35 of 2nd period - Off-side.
8:36 of 2nd period - Wayne Primeau wins face-off versus Sidney Crosby in neutral zone.
9:19 of 2nd period - Shot by Colby Armstrong.
9:19 of 2nd period - Shot Misses the Net.
9:20 of 2nd period - Shot by Josef Melichar.
9:20 of 2nd period - Shot Misses the Net.
9:25 of 2nd period - Shot by Jere Lehtinen.
9:25 of 2nd period - Shot Blocked by Zdeno Chara.
9:28 of 2nd period - Shot by Jere Lehtinen.
9:28 of 2nd period - Stopped by Alexander Auld without a rebound.
9:29 of 2nd period - Jere Lehtinen wins face-off versus Rick Nash in Bruins zone.
9:30 of 2nd period - Shot by Colby Armstrong.
9:30 of 2nd period - Shot Misses the Net.
9:41 of 2nd period - Shot by Jere Lehtinen.
9:41 of 2nd period - Stopped by Alexander Auld with a rebound.
10:29 of 2nd period - P.J. Axelsson is hit by Brooks Orpik and loses puck.
10:39 of 2nd period - Shot by Shean Donovan.
10:39 of 2nd period - Shot Misses the Net.
10:43 of 2nd period - Minor Penalty to Nils Ekman for Roughing.
10:43 of 2nd period - Minor Penalty to Sean Avery for Boarding.
10:44 of 2nd period - Sidney Crosby wins face-off versus Pavel Datsyuk in Penguins zone.
11:30 of 2nd period - Icing by Brian Leetch.
11:31 of 2nd period - Patrice Bergeron wins face-off versus Jason Blake in Bruins zone.
12:00 of 2nd period - Shot by Jason Blake.
12:00 of 2nd period - Stopped by Alexander Auld with a rebound.
12:03 of 2nd period - Shot by Jere Lehtinen.
12:03 of 2nd period - Shot Misses the Net.
12:04 of 2nd period - Shot by Christian Backman.
12:04 of 2nd period - Shot Blocked by Brian Leetch.
12:46 of 2nd period - Icing by Mattias Norstrom.
12:47 of 2nd period - Kris Draper wins face-off versus Sean Avery in Bruins zone.
13:05 of 2nd period - Shean Donovan is hit by Brooks Orpik and loses puck.
13:30 of 2nd period - Icing by P.J. Axelsson.
13:31 of 2nd period - Sean Avery wins face-off versus Jarkko Ruutu in Bruins zone.
13:47 of 2nd period - Jarkko Ruutu and Jay McKee fight to a draw.
13:47 of 2nd period - Penalty to Jarkko Ruutu for Fighting.
13:47 of 2nd period - Penalty to Jay McKee for Fighting.
13:48 of 2nd period - Pavel Datsyuk wins face-off versus Jason Blake in Bruins zone.
14:41 of 2nd period - Shot by Patrice Bergeron.
14:41 of 2nd period - Shot Misses the Net.
14:42 of 2nd period - Shot by Zdeno Chara.
14:42 of 2nd period - Stopped by Marc-Andre Fleury with a rebound.
14:47 of 2nd period - Shot by Rick Nash.
14:47 of 2nd period - Shot Blocked by Christian Backman.
14:52 of 2nd period - Shot by Patrice Bergeron.
14:52 of 2nd period - Stopped by Marc-Andre Fleury without a rebound.
14:53 of 2nd period - Patrice Bergeron wins face-off versus Sidney Crosby in Penguins zone.
15:02 of 2nd period - Shot by Rick Nash.
15:02 of 2nd period - Stopped by Marc-Andre Fleury with a rebound.
15:07 of 2nd period - Shot by Patrice Bergeron.
15:07 of 2nd period - Goal by Patrice Bergeron.
15:08 of 2nd period - Pavel Datsyuk wins face-off versus Sidney Crosby in neutral zone.
15:39 of 2nd period - Shot by Sidney Crosby.
15:39 of 2nd period - Stopped by Alexander Auld without a rebound.
15:40 of 2nd period - Patrice Bergeron wins face-off versus Sidney Crosby in Bruins zone.
15:53 of 2nd period - Shot by Rick Nash.
15:53 of 2nd period - Shot Misses the Net.
15:56 of 2nd period - Shot by Rick Nash.
15:56 of 2nd period - Shot Misses the Net.
15:57 of 2nd period - Shot by Zdeno Chara.
15:57 of 2nd period - Shot Blocked by Ryan Whitney.
16:00 of 2nd period - Shot by Rick Nash.
16:00 of 2nd period - Shot Blocked by Sergei Gonchar.
16:05 of 2nd period - Shot by Patrice Bergeron.
16:05 of 2nd period - Shot Misses the Net.
16:06 of 2nd period - Shot by Brian Leetch.
16:06 of 2nd period - Shot Misses the Net.
17:17 of 2nd period - Shot by Jere Lehtinen.
17:17 of 2nd period - Stopped by Alexander Auld with a rebound.
17:30 of 2nd period - Shot by Patrice Bergeron.
17:30 of 2nd period - Shot Misses the Net.
17:33 of 2nd period - Shot by Patrice Bergeron.
17:33 of 2nd period - Shot Blocked by Josef Melichar.
17:36 of 2nd period - Shot by Rick Nash.
17:36 of 2nd period - Shot Misses the Net.
17:37 of 2nd period - Shot by Zdeno Chara.
17:37 of 2nd period - Shot Misses the Net.
18:54 of 2nd period - Shot by Jason Blake.
18:54 of 2nd period - Stopped by Alexander Auld without a rebound.
18:55 of 2nd period - Kris Draper wins face-off versus Sean Avery in Bruins zone.
18:55 of 2nd period - Nils Ekman is hit by Mattias Norstrom and loses puck.
18:59 of 2nd period - Shot by Michel Ouellet.
18:59 of 2nd period - Stopped by Alexander Auld without a rebound.
19:00 of 2nd period - Sean Avery wins face-off versus Kris Draper in Bruins zone.
19:12 of 2nd period - Icing by Mark Eaton.
19:13 of 2nd period - Georges Laraque wins face-off versus Kris Draper in Penguins zone.
19:33 of 2nd period - Icing by Mark Eaton.
19:34 of 2nd period - Sean Avery wins face-off versus Kris Draper in Penguins zone.
19:51 of 2nd period - Shot by Sean Avery.
19:51 of 2nd period - Stopped by Marc-Andre Fleury without a rebound.
19:52 of 2nd period - Pavel Datsyuk wins face-off versus Jarkko Ruutu in Penguins zone.

Period #3

0:01 of 3rd period - Patrice Bergeron wins face-off versus Sidney Crosby in neutral zone.
0:16 of 3rd period - Shot by Patrice Bergeron.
0:16 of 3rd period - Shot Blocked by Sergei Gonchar.
0:17 of 3rd period - Shot by Glen Murray.
0:17 of 3rd period - Stopped by Marc-Andre Fleury without a rebound.
0:18 of 3rd period - Pavel Datsyuk wins face-off versus Jarkko Ruutu in Penguins zone.
0:34 of 3rd period - Icing by Josef Melichar.
0:35 of 3rd period - Jarkko Ruutu wins face-off versus Sean Avery in Penguins zone.
0:35 of 3rd period - Ryan Malone is hit by Sean Avery and loses puck.
0:38 of 3rd period - Icing by Josef Melichar.
0:39 of 3rd period - Jarkko Ruutu wins face-off versus Patrice Bergeron in Penguins zone.
0:52 of 3rd period - Shot by Jason Blake.
0:52 of 3rd period - Stopped by Alexander Auld without a rebound.
0:53 of 3rd period - Pavel Datsyuk wins face-off versus Sidney Crosby in Bruins zone.
0:53 of 3rd period - Rostislav Klesla is hit by Colby Armstrong and loses puck.
1:18 of 3rd period - Pavel Datsyuk is hit by Sergei Gonchar and loses puck.
2:18 of 3rd period - Shot by Jason Blake.
2:18 of 3rd period - Stopped by Alexander Auld without a rebound.
2:19 of 3rd period - Patrice Bergeron wins face-off versus Kris Draper in Bruins zone.
2:46 of 3rd period - Shot by Rick Nash.
2:46 of 3rd period - Shot Blocked by Mark Eaton.
3:26 of 3rd period - Jason Blake is hit by Shean Donovan and loses puck.
3:37 of 3rd period - Minor Penalty to Sean Avery for Clipping.
3:38 of 3rd period - Sidney Crosby wins face-off versus Wayne Primeau in Bruins zone.
3:43 of 3rd period - Shot by Sidney Crosby.
3:43 of 3rd period - Stopped by Alexander Auld without a rebound.
3:44 of 3rd period - Wayne Primeau wins face-off versus Jarkko Ruutu in Bruins zone.
6:08 of 3rd period - Kris Draper is hit by Sean Avery and loses puck.
7:05 of 3rd period - Icing by Ryan Whitney.
7:06 of 3rd period - Sidney Crosby wins face-off versus Pavel Datsyuk in Penguins zone.
7:20 of 3rd period - Minor Penalty to Rostislav Klesla for Holding.
7:21 of 3rd period - Patrice Bergeron wins face-off versus Jarkko Ruutu in Bruins zone.
7:36 of 3rd period - Shot by Jere Lehtinen.
7:36 of 3rd period - Shot Blocked by Jay McKee.
7:36 of 3rd period - Jay McKee from Bruins is injured at 7:36 of 3rd period (Foot).
7:37 of 3rd period - Patrice Bergeron wins face-off versus Jason Blake in Bruins zone.
8:25 of 3rd period - Icing by Ryan Whitney.
8:26 of 3rd period - Sidney Crosby wins face-off versus Rick Nash in Penguins zone.
8:45 of 3rd period - Shot by Jere Lehtinen.
8:45 of 3rd period - Stopped by Alexander Auld with a rebound.
9:50 of 3rd period - Shot by Michel Ouellet.
9:50 of 3rd period - Stopped by Alexander Auld with a rebound.
10:16 of 3rd period - Icing by Paul Mara.
10:17 of 3rd period - Brad Boyes wins face-off versus Jarkko Ruutu in Bruins zone.
10:38 of 3rd period - Shot by Jason Blake.
10:38 of 3rd period - Goal by Jason Blake.
10:39 of 3rd period - Sidney Crosby wins face-off versus Sean Avery in neutral zone.
10:46 of 3rd period - Shot by Mark Recchi.
10:46 of 3rd period - Stopped by Alexander Auld without a rebound.
10:47 of 3rd period - Sidney Crosby wins face-off versus Wayne Primeau in Bruins zone.
11:48 of 3rd period - Shot by Ryan Malone.
11:48 of 3rd period - Stopped by Alexander Auld with a rebound.
11:51 of 3rd period - Shot by Ryan Malone.
11:51 of 3rd period - Stopped by Alexander Auld without a rebound.
11:52 of 3rd period - Kris Draper wins face-off versus Sean Avery in Bruins zone.
11:56 of 3rd period - Minor Penalty to Mattias Norstrom for Clipping.
11:57 of 3rd period - Patrice Bergeron wins face-off versus Sidney Crosby in Bruins zone.
12:14 of 3rd period - Shot by Ryan Malone.
12:14 of 3rd period - Stopped by Alexander Auld without a rebound.
12:15 of 3rd period - Jarkko Ruutu wins face-off versus Patrice Bergeron in Bruins zone.
12:24 of 3rd period - Shot by Jere Lehtinen.
12:24 of 3rd period - Shot Misses the Net.
12:25 of 3rd period - Shot by Christian Backman.
12:25 of 3rd period - Shot Misses the Net.
12:28 of 3rd period - Shot by Jere Lehtinen.
12:28 of 3rd period - Shot Misses the Net.
12:31 of 3rd period - Shot by Jere Lehtinen.
12:31 of 3rd period - Shot Misses the Net.
12:34 of 3rd period - Shot by Jere Lehtinen.
12:34 of 3rd period - Shot Blocked by Rostislav Klesla.
12:37 of 3rd period - Shot by Jere Lehtinen.
12:37 of 3rd period - Goal by Jere Lehtinen.
12:38 of 3rd period - Kris Draper wins face-off versus Sean Avery in neutral zone.
12:41 of 3rd period - Shot by Nils Ekman.
12:41 of 3rd period - Stopped by Alexander Auld with a rebound.
12:44 of 3rd period - Shot by Nils Ekman.
12:44 of 3rd period - Stopped by Alexander Auld with a rebound.
12:47 of 3rd period - Shot by Nils Ekman.
12:47 of 3rd period - Shot Misses the Net.
12:48 of 3rd period - Shot by Mark Eaton.
12:48 of 3rd period - Stopped by Alexander Auld with a rebound.
12:49 of 3rd period - Shot by Nils Ekman.
12:49 of 3rd period - Shot Misses the Net.
12:50 of 3rd period - Shot by Kris Draper.
12:50 of 3rd period - Goal by Kris Draper.
12:51 of 3rd period - Kris Draper wins face-off versus Sean Avery in neutral zone.
13:17 of 3rd period - Off-side.
13:18 of 3rd period - Pavel Datsyuk wins face-off versus Sidney Crosby in neutral zone.
13:45 of 3rd period - Shot by Ryan Whitney.
13:45 of 3rd period - Shot Misses the Net.
13:48 of 3rd period - Shot by Sidney Crosby.
13:48 of 3rd period - Shot Misses the Net.
14:16 of 3rd period - Icing by Ryan Whitney.
14:17 of 3rd period - Sidney Crosby wins face-off versus Sean Avery in Penguins zone.
14:27 of 3rd period - Icing by Mattias Norstrom.
14:28 of 3rd period - Sean Avery wins face-off versus Jarkko Ruutu in Bruins zone.
16:27 of 3rd period - Shot by Shean Donovan.
16:27 of 3rd period - Stopped by Marc-Andre Fleury without a rebound.
16:28 of 3rd period - Pavel Datsyuk wins face-off versus Colby Armstrong in Penguins zone.
16:29 of 3rd period - Shot by Marco Sturm.
16:29 of 3rd period - Goal by Marco Sturm.
16:30 of 3rd period - Sean Avery wins face-off versus Sidney Crosby in neutral zone.
16:32 of 3rd period - Shean Donovan is hit by Sergei Gonchar and loses puck.
16:59 of 3rd period - Minor Penalty to Sean Avery for Tripping.
17:00 of 3rd period - Patrice Bergeron wins face-off versus Jarkko Ruutu in Penguins zone.
17:47 of 3rd period - Shot by Sidney Crosby.
17:47 of 3rd period - Stopped by Alexander Auld without a rebound.
17:48 of 3rd period - Sidney Crosby wins face-off versus Wayne Primeau in Bruins zone.
17:57 of 3rd period - Shot by Ryan Malone.
17:57 of 3rd period - Shot Misses the Net.
18:02 of 3rd period - Shot by Sidney Crosby.
18:02 of 3rd period - Shot Misses the Net.
18:07 of 3rd period - Shot by Ryan Malone.
18:07 of 3rd period - Shot Misses the Net.
18:10 of 3rd period - Shot by Sidney Crosby.
18:10 of 3rd period - Goal by Sidney Crosby.
18:11 of 3rd period - Kris Draper wins face-off versus Sean Avery in neutral zone.
18:25 of 3rd period - Off-side.
18:26 of 3rd period - Jarkko Ruutu wins face-off versus Pavel Datsyuk in neutral zone.
18:50 of 3rd period - Icing by Pavel Datsyuk.
18:51 of 3rd period - Kris Draper wins face-off versus Pavel Datsyuk in Bruins zone.
19:39 of 3rd period - Off-side.
19:40 of 3rd period - Wayne Primeau wins face-off versus Sidney Crosby in neutral zone.


Output by the SimonT Hockey Simulator (STHS) for Stephane Roy -- Original Page W3C XHTML 1.0 Valid